 Dungeon Crawl Stone Soup version 0.23.0-3-gf3c87f2df8 (webtiles) character file.

Game seed: 17636735709951163067

239 Revguard the Gusty (level 6, 0/34 HPs)
             Began as a Tengu Air Elementalist on Feb 24, 2019.
             Shot with an arrow by a centaur (10 damage)
             ... on level 5 of the Dungeon.
             The game lasted 00:20:06 (4915 turns).

Revguard the Gusty (Tengu Air Elementalist)         Turns: 4915, Time: 00:20:07

Health: 0/34       AC:  8    Str:  9    XL:     6   Next: 7%
Magic:  4/11       EV: 12    Int: 15    God:
Gold:   245        SH:  0    Dex: 16    Spells: 1/11 levels left

rFire    . . .     SeeInvis .   x - staff of energy
rCold    . . .     Gourm    .   (no shield)
rNeg     . . .     Faith    .   m - +0 leather armour
rPois    .         Spirit   .   (helmet restricted)
rElec    .         Reflect  .   (no cloak)
rCorr    .         Harm     .   (no gloves)
MR       .....                  (boots unavailable)
Stlth    ++........             a - amulet of the acrobat
HPRegen  0.11/turn              u - +5 ring of protection
MPRegen  0.12/turn              (no ring)

@: lethally poisoned (0 -> -14)
A: beak, talons 3, able to fly
a: Fly


You were on level 5 of the Dungeon.
You were not hungry.

You visited 1 branch of the dungeon, and saw 5 of its levels.

You collected 245 gold pieces.

Inventory:

Armour
 m - a +0 leather armour (worn)
Magical Staves
 x - an uncursed staff of energy (weapon)
Jewellery
 a - an amulet of the acrobat (around neck)
 u - a +5 ring of protection (left hand)
Wands
 o - a wand of paralysis (6)
 v - a wand of acid (5)
Scrolls
 b - 5 scrolls of teleportation
 d - a scroll of identify
 e - 6 scrolls of remove curse {unknown}
 f - 2 scrolls of random uselessness {unknown}
 h - 2 scrolls of enchant weapon {unknown}
 k - a scroll of blinking {unknown}
 l - a scroll of fear {unknown}
 p - a scroll of noise {unknown}
 q - a scroll of magic mapping {unknown}
 r - a scroll of enchant armour {unknown}
Potions
 g - a potion of agility
 i - 3 potions of haste
 j - 3 potions of lignification
 n - 2 potions of heal wounds
 s - a potion of berserk rage
 t - a potion of ambrosia
 w - a potion of curing
Comestibles
 c - 7 rations


   Skills:
 + Level 1.0 Fighting
 + Level 1.6 Armour
 + Level 2.5 Dodging
 + Level 2.1 Stealth
 + Level 3.1 Spellcasting
 + Level 2.9 Conjurations
 + Level 6.4 Air Magic


You had one spell level left.
You knew the following spells:

 Your Spells              Type           Power        Failure   Level  Hunger
a - Shock                 Conj/Air       ###.         3%          1    None
b - Swiftness             Chrm/Air       ##......     11%         2    None
c - Static Discharge      Conj/Air       ###.....     12%         3    None
d - Airstrike             Air            ###.......   19%         4    None

Your spell library contained the following spells:

 Spells                   Type           Power        Failure   Level  Hunger
 Lightning Bolt           Conj/Air       ###.......   71%         5    None


Dungeon Overview and Level Annotations

Branches:
Dungeon (5/15)
 Temple: D:4-7

Altars:
Cheibriados
Xom


Innate Abilities, Weirdness & Mutations

You have a beak for a mouth.
You have claws for feet.
You can fly continuously.


Message History

You hear a shout!
Casting: Shock (safe; 3% risk of failure)
Confirm with . or Enter, or press ? or * to list all spells.
Aiming: Shock (safe; 3% risk of failure)
Press: ? - help, Shift-Dir - straight line, f/p - centaur
Aim: a centaur, wielding a +0 shortbow (heavily wounded)
The zap hits the centaur.
The centaur is severely wounded.
You feel sick.
The centaur shoots an arrow.
The arrow hits you. The worker ant barely misses you.
Casting: Shock (safe; 3% risk of failure)
Confirm with . or Enter, or press ? or * to list all spells.
Aiming: Shock (safe; 3% risk of failure)
Press: ? - help, Shift-Dir - straight line, f/p - centaur
Aim: a centaur, wielding a +0 shortbow (severely wounded)
The zap misses the centaur.
You feel sick. The worker ant bites you.
* * * LOW HITPOINT WARNING * * *
You are lethally poisoned!
The worker ant poisons you!
The centaur shoots an arrow.
The arrow hits you!
You die...

... ##..........
...#######..........
........##..#.......
........##.###......
..........# #.##..
...........#.# . .
.....#.......# ..
.....#.(>....#.
......a@.........
.........#........
........##.....###
.........#.....#
.................
.......c.......##
......#>.#
.#......$.


You could see a centaur and a worker ant.

Vanquished Creatures
  An orc wizard (D:3)
  2 iguanas
  A worker ant (D:4)
  3 adders
  2 adder skeletons
  3 worms
  2 leopard geckos
  8 orcs
  8 bats
  5 giant cockroaches
  9 goblins
  9 hobgoblins
  9 jackals
  2 quokkas (D:4)
  A ball python (D:4)
  5 frilled lizards
  9 kobolds
  A quokka skeleton (D:5)
  5 rats
85 creatures vanquished.

Notes
Turn   | Place    | Note
-------+----------+-------------------------------------------
     0 | D:1      | Revguard the Tengu Air Elementalist began the quest for the
                  | Orb.
     0 | D:1      | Reached XP level 1. HP: 10/10 MP: 4/4
   108 | D:1      | Reached XP level 2. HP: 4/16 MP: 0/6
   112 | D:1      | Learned a level 2 spell: Swiftness
   800 | D:1      | Reached XP level 3. HP: 20/20 MP: 0/7
  1071 | D:1      | Learned a level 3 spell: Static Discharge
  1776 | D:2      | Reached XP level 4. HP: 24/24 MP: 5/9
  1779 | D:2      | Found a shimmering altar of Xom.
  1784 | D:2      | Reached skill level 5 in Air Magic
  2573 | D:3      | Reached skill level 1 in Fighting
  3099 | D:3      | Gained mutation: You can fly continuously. [Tengu growth]
  3099 | D:3      | Reached XP level 5. HP: 7/29 MP: 0/10
  3344 | D:3      | Learned a level 4 spell: Airstrike
  3690 | D:4      | Reached skill level 1 in Armour
  4334 | D:4      | Found a snail-covered altar of Cheibriados.
  4516 | D:4      | Reached skill level 6 in Air Magic
  4794 | D:5      | Entered Level 5 of the Dungeon
  4802 | D:5      | Reached XP level 6. HP: 34/34 MP: 7/11
  4915 | D:5      | Shot with an arrow by a centaur

Skill      XL: |  1  2  3  4  5 |
---------------+----------------+-----
Conjurations   | 2 |  2.9
Air Magic      | 5 6 |  6.4
Fighting       | 1 |  1.0
Spellcasting   | 3 |  3.1
Armour         | 1 |  1.6
Dodging        | |  2.5
Stealth        | |  2.1

Action                   |  1- 3 |  4- 6 || total
-------------------------+-------+-------++-------
Melee: Unarmed           |    11 |    18 ||    29
       Kick              |     1 |     6 ||     7
       Peck              |     1 |     3 ||     4
       Staff             |       |     3 ||     3
 Cast: Shock             |    79 |   118 ||   197
       Static Discharge  |     1 |     2 ||     3
  Use: Potion            |       |     4 ||     4
       Scroll            |       |     6 ||     6
  Eat: Chunk             |     3 |     9 ||    12
       Ration            |       |     1 ||     1
Armor: Robe              |     8 |       ||     8
       Leather armour    |       |     5 ||     5
Dodge: Dodged            |    30 |    40 ||    70
